[ AOE2 MATCH · #472109448 ]
Team RMMaya vs Poles
[ REPLAY ANALYSIS · EXTRACTED FROM THE RECORDED GAME ]
Feudal
14:17
Castle
19:29
Imperial
30:59
| APM avg | 12.5 |
| APM peak | 25 |
| eAPM avg | 9.8 |
| Villagers / military | 113 / 265 |
Focus
⚔️ 31.5% · 🌾 68.5%
Spearman ×98 · Skirmisher ×66 · Eagle Scout ×45 · Plumed Archer ×20 · Archer ×17 · Trade Cart ×12
Feudal
15:59
Castle
21:46
Imperial
37:28
| APM avg | 17.3 |
| APM peak | 51 |
| eAPM avg | 9.1 |
| Villagers / military | 127 / 128 |
Focus
⚔️ 33.8% · 🌾 66.2%
Spearman ×119 · Cannon Galleon ×8 · Fishing Ship ×7 · Monk ×1
Feudal
—
Castle
—
Imperial
—
| APM avg | 14.4 |
| APM peak | 36 |
| eAPM avg | 9.1 |
| Villagers / military | 123 / 223 |
Focus
⚔️ 28.7% · 🌾 71.3%
Samurai ×217 · Trade Cart ×29 · Fishing Ship ×7 · Trebuchet (Packed) ×5 · Monk ×1
Feudal
13:28
Castle
22:04
Imperial
35:15
| APM avg | 17.6 |
| APM peak | 56 |
| eAPM avg | 11.5 |
| Villagers / military | 72 / 184 |
Focus
⚔️ 45.9% · 🌾 54.1%
Knight ×134 · Trade Cart ×41 · Conquistador ×36 · Scout Cavalry ×10 · Trebuchet (Packed) ×3 · Monk ×1
Feudal
14:36
Castle
21:26
Imperial
31:40
| APM avg | 19.5 |
| APM peak | 67 |
| eAPM avg | 11.1 |
| Villagers / military | 156 / 464 |
Focus
⚔️ 35.9% · 🌾 64.1%
Scout Cavalry ×464
Feudal
12:42
Castle
18:03
Imperial
44:48
| APM avg | 17.8 |
| APM peak | 84 |
| eAPM avg | 13.9 |
| Villagers / military | 145 / 243 |
Focus
⚔️ 39.6% · 🌾 60.4%
Steppe Lancer ×227 · Scout Cavalry ×16
Feudal
16:15
Castle
23:55
Imperial
32:42
| APM avg | 28.4 |
| APM peak | 64 |
| eAPM avg | 14.4 |
| Villagers / military | 126 / 110 |
Focus
⚔️ 54.2% · 🌾 45.8%
Fire Lancer ×44 · Archer ×27 · Chu Ko Nu ×26 · Trade Cart ×17 · Fishing Ship ×17 · Monk ×7
Feudal
12:20
Castle
21:57
Imperial
30:01
| APM avg | 21.3 |
| APM peak | 61 |
| eAPM avg | 17.3 |
| Villagers / military | 166 / 392 |
Focus
⚔️ 51.3% · 🌾 48.7%
Knight ×389 · Spearman ×2 · Scout Cavalry ×1
Match map
Initial resources + every placement click. Lines = walls · curves = elevation contours. ◆ gold · ⬟ stone · ● berries · ✦ relic · ◌ wall gap
Inputs per minute
— libor1234 - - Khrushchev
Build order — libor1234
First 150 of 365 actions detected
| 0:03 | Research | Loom |
| 0:04 | Create | Villager (Male) ×2 |
| 0:09 | Build | House |
| 0:53 | Build | House |
| 0:57 | Build | House |
| 1:30 | Create | Villager (Male) |
| 2:10 | Build | Lumber Camp |
| 2:21 | Create | Villager (Male) |
| 2:21 | Create | Villager (Male) |
| 2:53 | Create | Villager (Male) |
| 3:28 | Build | Mill |
| 3:33 | Create | Villager (Male) |
| 3:33 | Create | Villager (Male) |
| 3:56 | Create | Villager (Male) |
| 4:29 | Create | Villager (Male) |
| 4:54 | Build | House |
| 4:57 | Build | House |
| 5:01 | Create | Villager (Male) |
| 5:01 | Create | Villager (Male) |
| 5:18 | Create | Villager (Male) |
| 5:45 | Create | Villager (Male) |
| 5:46 | Create | Villager (Male) |
| 5:54 | Create | Villager (Male) |
| 6:20 | Create | Villager (Male) |
| 6:21 | Create | Villager (Male) |
| 6:31 | Create | Villager (Male) |
| 6:59 | Create | Villager (Male) |
| 6:59 | Create | Villager (Male) |
| 7:20 | Build | Mill |
| 7:33 | Create | Villager (Male) |
| 7:33 | Create | Villager (Male) |
| 8:08 | Create | Villager (Male) |
| 8:08 | Create | Villager (Male) |
| 8:08 | Create | Villager (Male) |
| 8:28 | Build | House |
| 8:32 | Build | House |
| 8:36 | Build | House |
| 8:52 | Create | Villager (Male) |
| 8:52 | Create | Villager (Male) |
| 8:53 | Create | Villager (Male) |
| 9:30 | Build | Mining Camp |
| 10:14 | Create | Villager (Male) |
| 10:14 | Create | Villager (Male) |
| 10:15 | Create | Villager (Male) |
| 10:15 | Create | Villager (Male) |
| 10:41 | Build | Barracks |
| 11:50 | Research | Feudal Age |
| 12:45 | Create | Villager (Male) |
| 12:46 | Create | Villager (Male) |
| 12:54 | Build | Farm |
| 13:01 | Build | Farm |
| 13:13 | Build | Farm |
| 13:59 | Build | Farm |
| 14:04 | Build | Farm |
| 14:17 | Age | Feudal Age |
| 14:27 | Build | Blacksmith |
| 14:51 | Build | Market |
| 15:09 | Create | Villager (Male) |
| 15:10 | Create | Villager (Male) |
| 15:28 | Create | Eagle Scout |
| 15:28 | Create | Eagle Scout |
| 15:29 | Create | Spearman |
| 15:30 | Create | Spearman |
| 15:43 | Build | Farm |
| 15:47 | Create | Villager (Male) |
| 15:48 | Create | Villager (Male) |
| 15:48 | Create | Villager (Male) |
| 15:52 | Build | Farm |
| 16:32 | Build | Farm |
| 16:38 | Research | Castle Age |
| 16:43 | Research | Horse Collar |
| 16:58 | Build | Farm |
| 17:02 | Build | Farm |
| 17:48 | Build | Farm |
| 17:52 | Research | Double-Bit Axe |
| 17:56 | Create | Villager (Male) |
| 18:15 | Build | House |
| 18:18 | Build | House |
| 18:21 | Build | House |
| 19:29 | Age | Castle Age |
| 19:33 | Build | Town Center |
| 19:38 | Create | Villager (Male) |
| 19:38 | Create | Villager (Male) |
| 19:38 | Create | Villager (Male) |
| 19:42 | Research | Heavy Plow |
| 19:44 | Research | Bow Saw |
| 19:50 | Research | Pikeman (upgrade) |
| 20:02 | Build | Monastery |
| 20:32 | Build | Farm |
| 20:40 | Research | Scale Mail Armor |
| 20:51 | Create | Villager (Male) |
| 20:51 | Create | Villager (Male) |
| 20:56 | Build | Farm |
| 20:59 | Research | Fervor |
| 21:22 | Create | Villager (Male) |
| 21:22 | Create | Villager (Male) |
| 21:22 | Create | Villager (Male) |
| 21:23 | Create | Villager (Male) |
| 21:28 | Build | Farm |
| 21:45 | Create | Villager (Male) |
| 21:46 | Create | Villager (Male) |
| 21:56 | Create | Spearman |
| 21:56 | Create | Spearman |
| 22:07 | Build | Farm |
| 22:12 | Build | Farm |
| 22:17 | Create | Monk |
| 22:27 | Build | Farm |
| 22:33 | Build | Farm |
| 22:35 | Create | Villager (Male) |
| 22:38 | Create | Villager (Male) |
| 22:39 | Create | Villager (Male) |
| 22:39 | Create | Villager (Male) |
| 23:01 | Build | House |
| 23:02 | Build | House |
| 23:03 | Build | House |
| 23:05 | Build | House |
| 23:06 | Build | House |
| 23:17 | Create | Villager (Male) ×5 |
| 23:43 | Create | Villager (Male) ×5 |
| 23:48 | Build | Farm |
| 23:50 | Build | Farm |
| 24:13 | Build | Farm |
| 24:19 | Build | Farm |
| 24:37 | Create | Villager (Male) |
| 24:53 | Build | Lumber Camp |
| 25:07 | Create | Villager (Male) |
| 25:07 | Create | Villager (Male) |
| 25:24 | Build | Castle |
| 25:29 | Build | Farm |
| 25:31 | Build | Farm |
| 25:37 | Create | Villager (Male) |
| 25:37 | Create | Villager (Male) |
| 25:41 | Create | Villager (Male) |
| 25:41 | Create | Villager (Male) |
| 25:41 | Create | Villager (Male) |
| 25:48 | Research | Gold Mining |
| 25:52 | Research | Forging |
| 26:21 | Build | Farm |
| 26:27 | Build | Farm |
| 26:33 | Create | Villager (Male) |
| 26:33 | Create | Villager (Male) |
| 26:41 | Build | Mining Camp |
| 27:18 | Build | Archery Range |
| 27:36 | Build | University |
| 27:44 | Research | Imperial Age |
| 27:47 | Create | Villager (Male) |
| 27:48 | Create | Villager (Male) |
| 27:48 | Create | Villager (Male) |
| 27:48 | Create | Villager (Male) |
| 27:49 | Create | Villager (Male) |
Build order — Khrushchev
First 150 of 355 actions detected
| 0:04 | Create | Villager (Male) |
| 0:04 | Create | Villager (Male) |
| 0:04 | Create | Villager (Male) |
| 0:05 | Create | Villager (Male) |
| 0:07 | Build | House |
| 0:08 | Build | House |
| 2:23 | Create | Villager (Male) |
| 2:23 | Create | Villager (Male) |
| 2:23 | Create | Villager (Male) |
| 2:44 | Create | Villager (Male) |
| 2:44 | Create | Villager (Male) |
| 3:40 | Create | Villager (Male) |
| 3:41 | Create | Villager (Male) |
| 3:41 | Create | Villager (Male) |
| 4:10 | Create | Villager (Male) |
| 4:11 | Create | Villager (Male) |
| 4:36 | Create | Villager (Male) |
| 4:36 | Create | Villager (Male) |
| 4:37 | Create | Villager (Male) |
| 4:52 | Create | Villager (Male) |
| 4:53 | Create | Villager (Male) |
| 5:02 | Build | Lumber Camp |
| 5:23 | Create | Villager (Male) |
| 5:23 | Create | Villager (Male) |
| 5:23 | Create | Villager (Male) |
| 5:46 | Build | House |
| 5:52 | Research | Loom |
| 5:53 | Create | Villager (Male) |
| 5:53 | Create | Villager (Male) |
| 5:53 | Create | Villager (Male) |
| 5:53 | Create | Villager (Male) |
| 5:54 | Create | Villager (Male) |
| 6:23 | Create | Villager (Male) |
| 6:23 | Create | Villager (Male) |
| 6:54 | Create | Villager (Male) |
| 6:54 | Create | Villager (Male) |
| 6:55 | Create | Villager (Male) |
| 7:06 | Build | House |
| 7:26 | Build | Lumber Camp |
| 7:31 | Create | Villager (Male) |
| 7:54 | Create | Villager (Male) |
| 7:55 | Create | Villager (Male) |
| 8:01 | Build | Mill |
| 9:01 | Create | Villager (Male) |
| 9:01 | Create | Villager (Male) |
| 9:06 | Build | House |
| 9:34 | Build | Farm |
| 9:35 | Build | Farm |
| 9:36 | Build | Farm |
| 9:37 | Build | Farm |
| 9:38 | Build | Farm |
| 10:02 | Create | Villager (Male) |
| 10:38 | Build | Mining Camp |
| 11:18 | Create | Villager (Male) |
| 11:21 | Build | House |
| 11:44 | Build | Mining Camp |
| 11:47 | Create | Villager (Male) |
| 11:58 | Create | Villager (Male) |
| 12:38 | Build | Farm |
| 12:39 | Build | Farm |
| 12:41 | Build | Farm |
| 12:43 | Build | Farm |
| 12:56 | Create | Villager (Male) |
| 13:17 | Build | Dock |
| 13:23 | Create | Villager (Male) |
| 13:49 | Research | Feudal Age |
| 14:29 | Create | Fishing Ship |
| 14:29 | Create | Fishing Ship |
| 14:40 | Build | Dock |
| 14:48 | Build | House |
| 14:53 | Build | House |
| 15:22 | Build | Dock |
| 15:31 | Create | Fishing Ship |
| 15:31 | Create | Fishing Ship |
| 15:39 | Build | House |
| 15:59 | Age | Feudal Age |
| 16:12 | Build | Stone Wall |
| 16:21 | Create | Villager (Male) |
| 16:21 | Create | Villager (Male) |
| 16:21 | Create | Villager (Male) |
| 16:21 | Create | Villager (Male) |
| 16:27 | Build | Blacksmith |
| 16:29 | Build | Market |
| 16:58 | Create | Fishing Ship |
| 16:58 | Create | Fishing Ship |
| 17:02 | Create | Villager (Male) |
| 17:26 | Build | Stone Wall |
| 17:44 | Build | Stone Wall |
| 17:56 | Create | Fishing Ship |
| 18:03 | Create | Villager (Male) |
| 18:37 | Build | Stone Wall |
| 19:01 | Build | Farm |
| 19:03 | Build | Farm |
| 19:06 | Research | Castle Age |
| 19:19 | Build | Stone Wall |
| 19:21 | Build | Stone Wall |
| 19:36 | Build | Stone Wall |
| 19:38 | Build | Stone Wall |
| 19:46 | Build | Farm |
| 19:58 | Create | Villager (Male) |
| 19:58 | Create | Villager (Male) |
| 20:41 | Create | Villager (Male) |
| 20:49 | Build | House |
| 20:55 | Create | Villager (Male) |
| 20:56 | Create | Villager (Male) |
| 21:14 | Create | Villager (Male) |
| 21:24 | Build | Stone Wall |
| 21:46 | Age | Castle Age |
| 21:56 | Build | Stone Wall |
| 21:59 | Build | Stone Wall |
| 22:30 | Build | Castle |
| 22:40 | Build | House |
| 22:45 | Create | Villager (Male) |
| 22:45 | Create | Villager (Male) |
| 22:46 | Create | Villager (Male) |
| 22:48 | Research | Stone Mining |
| 22:49 | Research | Gold Mining |
| 22:56 | Research | Double-Bit Axe |
| 23:02 | Research | Horse Collar |
| 23:33 | Build | Barracks |
| 23:48 | Build | Stone Wall |
| 23:49 | Build | Stone Wall |
| 24:11 | Create | Spearman |
| 24:11 | Create | Spearman |
| 24:11 | Create | Spearman |
| 24:12 | Create | Spearman |
| 24:22 | Build | Barracks |
| 24:24 | Research | Scale Mail Armor |
| 25:44 | Research | Pikeman (upgrade) |
| 25:54 | Create | Spearman |
| 25:54 | Create | Spearman |
| 25:54 | Create | Spearman |
| 26:19 | Build | Stone Wall |
| 26:36 | Create | Spearman |
| 26:37 | Create | Spearman |
| 27:10 | Create | Villager (Male) |
| 27:10 | Create | Villager (Male) |
| 27:11 | Create | Villager (Male) |
| 27:11 | Create | Villager (Male) |
| 27:54 | Create | Villager (Male) |
| 27:54 | Create | Villager (Male) |
| 27:55 | Create | Villager (Male) |
| 27:55 | Create | Villager (Male) |
| 28:47 | Build | Stone Wall |
| 29:10 | Create | Spearman |
| 29:10 | Create | Spearman |
| 29:11 | Create | Spearman |
| 30:12 | Build | Stone Wall |
| 30:15 | Build | Stone Wall |
| 30:17 | Build | Stone Wall |
Build order — I3Legacy
First 150 of 291 actions detected
| 0:03 | Research | Loom |
| 0:03 | Create | Villager (Male) |
| 0:03 | Create | Villager (Male) |
| 0:04 | Create | Villager (Male) |
| 0:04 | Create | Villager (Male) |
| 0:06 | Build | House |
| 0:41 | Build | House |
| 0:43 | Build | House |
| 1:29 | Build | Mill |
| 1:38 | Create | Villager (Male) |
| 2:03 | Create | Villager (Male) |
| 2:36 | Create | Villager (Male) |
| 2:59 | Create | Villager (Male) |
| 3:00 | Create | Villager (Male) |
| 3:17 | Create | Villager (Male) |
| 3:43 | Create | Villager (Male) |
| 4:09 | Build | House |
| 4:13 | Create | Villager (Male) |
| 4:26 | Create | Villager (Male) |
| 4:33 | Create | Villager (Male) |
| 4:59 | Create | Villager (Male) |
| 5:17 | Create | Villager (Male) |
| 5:29 | Create | Villager (Male) |
| 5:50 | Create | Villager (Male) |
| 5:51 | Create | Villager (Male) |
| 5:51 | Create | Villager (Male) |
| 6:52 | Create | Villager (Male) ×3 |
| 7:11 | Build | Lumber Camp |
| 7:50 | Build | Barracks |
| 8:16 | Build | Mining Camp |
| 8:21 | Create | Villager (Male) |
| 8:56 | Build | Mining Camp |
| 10:11 | Research | Feudal Age |
| 10:38 | Build | House |
| 10:39 | Build | House |
| 10:40 | Build | House |
| 11:51 | Build | Farm |
| 11:52 | Build | Farm |
| 11:53 | Build | Farm |
| 11:54 | Build | Farm |
| 11:55 | Build | Farm |
| 12:10 | Build | Farm |
| 12:11 | Build | Farm |
| 12:12 | Build | Farm |
| 12:14 | Build | Farm |
| 12:31 | Research | Double-Bit Axe |
| 13:01 | Create | Villager (Male) |
| 13:05 | Research | Horse Collar |
| 13:19 | Research | Stone Mining |
| 13:35 | Research | Gold Mining |
| 13:56 | Create | Villager (Male) |
| 14:09 | Create | Villager (Male) |
| 14:25 | Build | Farm |
| 14:41 | Create | Villager (Male) ×2 |
| 14:48 | Build | Farm |
| 15:14 | Build | Farm |
| 15:33 | Create | Villager (Male) |
| 15:46 | Build | Dock |
| 16:32 | Research | Tech 906 |
| 16:33 | Create | Fishing Ship |
| 16:33 | Create | Fishing Ship |
| 16:33 | Create | Fishing Ship |
| 17:26 | Build | Market |
| 18:18 | Build | Stable |
| 18:37 | Research | Castle Age |
| 20:00 | Create | Fishing Ship ×4 |
| 20:42 | Research | Wheelbarrow |
| 20:42 | Research | Town Watch |
| 20:47 | Research | Arson |
| 21:32 | Research | Heavy Plow |
| 21:34 | Research | Gold Shaft Mining |
| 22:04 | Research | Bow Saw |
| 22:14 | Build | Castle |
| 22:46 | Build | Lumber Camp |
| 22:51 | Create | Villager (Male) ×5 |
| 22:54 | Create | Villager (Male) ×2 |
| 23:05 | Build | House |
| 23:06 | Build | House |
| 23:06 | Build | House |
| 23:06 | Build | House |
| 23:06 | Build | House |
| 23:29 | Research | Pikeman (upgrade) |
| 23:30 | Research | Squires |
| 23:58 | Build | Palisade Wall |
| 24:00 | Build | House |
| 24:02 | Build | House |
| 24:04 | Build | House |
| 24:05 | Build | House |
| 24:06 | Build | House |
| 24:40 | Create | Samurai ×5 |
| 24:40 | Create | Samurai ×5 |
| 24:40 | Create | Samurai ×5 |
| 24:53 | Create | Villager (Male) ×2 |
| 24:53 | Create | Villager (Male) ×2 |
| 25:51 | Build | Lumber Camp |
| 26:03 | Build | Farm |
| 26:45 | Create | Villager (Male) |
| 26:52 | Build | Farm |
| 26:53 | Build | Farm |
| 27:27 | Build | Farm |
| 27:28 | Build | Farm |
| 27:35 | Create | Samurai |
| 27:40 | Create | Villager (Male) ×5 |
| 27:43 | Create | Villager (Male) ×5 |
| 27:51 | Build | Farm |
| 28:04 | Build | Farm |
| 28:48 | Build | Monastery |
| 29:25 | Create | Monk |
| 30:11 | Build | Town Center |
| 30:47 | Create | Villager (Male) ×5 |
| 30:47 | Create | Villager (Male) ×5 |
| 30:47 | Create | Villager (Male) ×5 |
| 30:47 | Create | Villager (Male) ×2 |
| 30:52 | Create | Villager (Male) ×5 |
| 30:54 | Create | Villager (Male) ×5 |
| 30:54 | Create | Villager (Male) ×5 |
| 31:26 | Build | Archery Range |
| 31:50 | Create | Villager (Male) ×2 |
| 31:53 | Create | Villager (Male) ×4 |
| 31:53 | Create | Villager (Male) ×4 |
| 32:17 | Research | Fervor |
| 32:36 | Build | Town Center |
| 33:11 | Build | Farm |
| 33:24 | Build | University |
| 33:33 | Research | Hand Cart |
| 33:37 | Build | Farm |
| 34:02 | Build | Farm |
| 34:26 | Build | Farm |
| 34:33 | Create | Villager (Male) ×5 |
| 34:44 | Build | Town Center |
| 34:54 | Build | Farm |
| 35:18 | Build | Farm |
| 35:43 | Build | Farm |
| 35:56 | Build | Farm |
| 35:59 | Research | Treadmill Crane |
| 36:01 | Research | Murder Holes |
| 36:05 | Build | Farm |
| 36:28 | Build | Farm |
| 36:43 | Build | Farm |
| 36:47 | Build | Farm |
| 36:59 | Build | Farm |
| 37:02 | Research | Imperial Age |
| 37:07 | Research | Ballistics |
| 37:13 | Build | Lumber Camp |
| 37:15 | Build | Lumber Camp |
| 37:22 | Build | Farm |
| 37:29 | Create | Villager (Male) ×5 |
| 37:32 | Create | Villager (Male) ×5 |
| 37:36 | Create | Villager (Male) ×2 |
| 37:46 | Build | Farm |
Build order — DenVanGump
First 150 of 442 actions detected
| 0:04 | Build | House |
| 0:06 | Build | House |
| 0:09 | Create | Villager (Male) |
| 0:09 | Create | Villager (Male) |
| 0:09 | Create | Villager (Male) |
| 0:10 | Create | Villager (Male) |
| 0:10 | Create | Villager (Male) |
| 0:20 | Build | House |
| 0:31 | Build | House |
| 1:37 | Research | Loom |
| 1:52 | Create | Villager (Male) |
| 1:52 | Create | Villager (Male) |
| 2:32 | Create | Villager (Male) |
| 2:32 | Create | Villager (Male) |
| 2:50 | Create | Villager (Male) |
| 2:50 | Create | Villager (Male) |
| 2:51 | Create | Villager (Male) |
| 3:19 | Create | Villager (Male) |
| 3:19 | Create | Villager (Male) |
| 3:41 | Build | Lumber Camp |
| 3:47 | Create | Villager (Male) |
| 3:48 | Create | Villager (Male) |
| 4:22 | Create | Villager (Male) |
| 4:23 | Create | Villager (Male) |
| 5:08 | Build | House |
| 5:13 | Build | House |
| 5:37 | Create | Villager (Male) |
| 5:37 | Create | Villager (Male) |
| 5:38 | Create | Villager (Male) |
| 5:38 | Create | Villager (Male) |
| 5:53 | Build | Palisade Wall |
| 6:39 | Build | Mill |
| 6:49 | Create | Villager (Male) |
| 6:49 | Create | Villager (Male) |
| 7:26 | Build | Mining Camp |
| 7:38 | Create | Villager (Male) |
| 7:39 | Create | Villager (Male) |
| 8:15 | Build | Mining Camp |
| 8:58 | Build | Lumber Camp |
| 9:18 | Create | Villager (Male) |
| 9:44 | Create | Villager (Male) |
| 10:17 | Build | Farm |
| 10:18 | Build | Farm |
| 10:53 | Build | House |
| 11:06 | Build | House |
| 11:09 | Build | House |
| 11:18 | Research | Feudal Age |
| 11:39 | Create | Villager (Male) |
| 11:39 | Create | Villager (Male) |
| 11:54 | Build | House |
| 12:46 | Build | Barracks |
| 12:57 | Build | Farm |
| 13:15 | Build | Palisade Wall |
| 13:28 | Age | Feudal Age |
| 13:50 | Build | Stable |
| 13:54 | Build | Blacksmith |
| 13:57 | Build | Palisade Wall |
| 14:01 | Build | Palisade Wall |
| 14:16 | Build | Farm |
| 14:22 | Build | Farm |
| 14:27 | Build | Farm |
| 14:31 | Build | Farm |
| 14:32 | Create | Villager (Male) |
| 14:32 | Create | Villager (Male) |
| 14:45 | Build | Farm |
| 14:59 | Build | House |
| 15:02 | Build | House |
| 15:07 | Build | House |
| 15:12 | Create | Villager (Male) |
| 15:20 | Build | Farm |
| 15:27 | Build | Farm |
| 15:33 | Research | Double-Bit Axe |
| 15:40 | Build | Farm |
| 15:48 | Build | Farm |
| 15:52 | Create | Villager (Male) |
| 16:23 | Build | Farm |
| 16:29 | Create | Villager (Male) |
| 16:33 | Research | Horse Collar |
| 17:10 | Build | Farm |
| 17:30 | Build | Farm |
| 17:31 | Build | Farm |
| 17:33 | Create | Villager (Male) |
| 17:34 | Create | Villager (Male) |
| 17:46 | Build | Farm |
| 17:52 | Build | Farm |
| 18:05 | Create | Villager (Male) |
| 19:01 | Build | Market |
| 19:15 | Build | House |
| 19:24 | Research | Castle Age |
| 20:05 | Research | Stone Mining |
| 20:39 | Research | Wheelbarrow |
| 20:48 | Research | Bloodlines |
| 20:53 | Create | Villager (Male) |
| 21:09 | Research | Gold Mining |
| 22:04 | Age | Castle Age |
| 22:14 | Build | Castle |
| 22:24 | Build | Town Center |
| 22:37 | Build | Town Center |
| 22:52 | Research | Bow Saw |
| 22:56 | Research | Heavy Plow |
| 23:02 | Research | Stone Shaft Mining |
| 23:21 | Create | Villager (Male) |
| 23:23 | Research | Town Watch |
| 23:27 | Create | Villager (Male) |
| 23:27 | Create | Villager (Male) |
| 23:38 | Create | Villager (Male) |
| 23:39 | Create | Villager (Male) |
| 23:51 | Build | Farm |
| 23:59 | Create | Villager (Male) |
| 24:07 | Create | Villager (Male) |
| 24:23 | Create | Conquistador |
| 24:36 | Build | Monastery |
| 24:43 | Create | Conquistador |
| 24:43 | Create | Conquistador |
| 25:00 | Create | Villager (Male) |
| 25:01 | Create | Villager (Male) |
| 25:01 | Create | Villager (Male) |
| 25:43 | Build | Farm |
| 25:53 | Create | Villager (Male) |
| 25:55 | Research | Hand Cart |
| 25:57 | Create | Villager (Male) |
| 25:57 | Create | Villager (Male) |
| 25:58 | Create | Villager (Male) |
| 26:02 | Create | Monk |
| 26:09 | Build | Farm |
| 26:12 | Create | Conquistador |
| 26:13 | Create | Conquistador |
| 26:25 | Build | Farm |
| 26:38 | Create | Villager (Male) |
| 26:38 | Create | Villager (Male) |
| 27:24 | Create | Conquistador |
| 27:25 | Create | Conquistador |
| 27:31 | Create | Villager (Male) |
| 27:32 | Create | Villager (Male) |
| 27:32 | Create | Villager (Male) |
| 27:34 | Create | Villager (Male) |
| 27:34 | Create | Villager (Male) |
| 27:35 | Create | Villager (Male) |
| 27:37 | Create | Conquistador |
| 28:08 | Build | Farm |
| 28:10 | Create | Conquistador |
| 28:15 | Build | Palisade Wall |
| 28:24 | Create | Villager (Male) |
| 28:25 | Create | Villager (Male) |
| 28:36 | Build | Farm |
| 28:43 | Create | Conquistador |
| 28:43 | Create | Conquistador |
| 28:46 | Research | Husbandry |
| 28:48 | Create | Villager (Male) |
| 28:49 | Create | Villager (Male) |
Build order — Quel Serrar
First 150 of 358 actions detected
| 0:02 | Build | House |
| 0:03 | Build | House |
| 0:04 | Create | Villager (Male) ×3 |
| 0:04 | Create | Villager (Male) ×3 |
| 1:32 | Create | Villager (Male) |
| 1:32 | Create | Villager (Male) |
| 1:50 | Build | Mill |
| 2:13 | Create | Villager (Male) |
| 2:50 | Create | Villager (Male) ×2 |
| 2:50 | Create | Villager (Male) ×2 |
| 3:08 | Create | Villager (Male) |
| 3:08 | Create | Villager (Male) |
| 3:39 | Create | Villager (Male) |
| 3:39 | Create | Villager (Male) |
| 3:53 | Create | Villager (Male) |
| 4:16 | Create | Villager (Male) |
| 4:16 | Create | Villager (Male) |
| 4:24 | Create | Villager (Male) |
| 4:55 | Create | Villager (Male) ×2 |
| 4:56 | Create | Villager (Male) ×2 |
| 5:35 | Create | Villager (Male) |
| 5:59 | Create | Villager (Male) |
| 6:14 | Build | Mill |
| 6:28 | Build | Lumber Camp |
| 6:32 | Create | Villager (Male) ×2 |
| 7:11 | Create | Villager (Male) ×2 |
| 7:52 | Create | Villager (Male) ×3 |
| 8:20 | Build | Mill |
| 8:46 | Build | Mill |
| 9:02 | Create | Villager (Male) ×4 |
| 9:59 | Build | Mill |
| 10:03 | Build | Farm |
| 10:04 | Build | Farm |
| 10:06 | Build | Farm |
| 10:20 | Create | Villager (Male) |
| 10:21 | Create | Villager (Male) |
| 10:53 | Create | Villager (Male) ×5 |
| 10:56 | Build | Farm |
| 10:58 | Build | Farm |
| 10:59 | Build | Farm |
| 11:00 | Build | Farm |
| 11:39 | Build | Mill |
| 11:43 | Build | Farm |
| 11:44 | Build | Farm |
| 11:45 | Build | Farm |
| 11:46 | Build | Farm |
| 11:53 | Build | Farm |
| 11:54 | Build | Farm |
| 11:58 | Build | Farm |
| 12:06 | Build | Farm |
| 12:09 | Build | Farm |
| 12:11 | Build | Farm |
| 12:22 | Research | Feudal Age |
| 12:44 | Build | Mining Camp |
| 12:50 | Build | Mining Camp |
| 14:36 | Age | Feudal Age |
| 14:36 | Create | Villager (Male) |
| 14:41 | Research | Stone Mining |
| 14:42 | Research | Horse Collar |
| 14:43 | Research | Double-Bit Axe |
| 14:48 | Create | Villager (Male) ×5 |
| 15:11 | Build | Lumber Camp |
| 16:05 | Build | Market |
| 16:09 | Build | Blacksmith |
| 16:26 | Create | Villager (Male) ×5 |
| 17:23 | Create | Villager (Male) ×5 |
| 17:24 | Create | Villager (Male) ×5 |
| 17:25 | Create | Villager (Male) ×5 |
| 17:52 | Build | Farm |
| 17:53 | Build | Farm |
| 17:55 | Build | Farm |
| 17:57 | Build | Farm |
| 18:24 | Research | Castle Age |
| 19:12 | Build | Mill |
| 19:17 | Build | Farm |
| 19:26 | Build | Barracks |
| 19:34 | Build | Farm |
| 19:42 | Build | House |
| 19:46 | Build | House |
| 20:05 | Build | House |
| 20:07 | Build | House |
| 20:08 | Build | House |
| 20:09 | Build | House |
| 20:32 | Research | Gold Mining |
| 20:39 | Build | Stable |
| 20:41 | Build | Stable |
| 21:26 | Age | Castle Age |
| 21:31 | Build | Mining Camp |
| 21:33 | Create | Villager (Male) ×5 |
| 21:38 | Research | Heavy Plow |
| 21:39 | Research | Bow Saw |
| 21:49 | Build | Town Center |
| 22:31 | Build | Castle |
| 22:38 | Create | Villager (Male) ×5 |
| 22:44 | Build | Stable |
| 22:54 | Research | Light Cavalry (upgrade) |
| 22:54 | Research | Bloodlines |
| 22:54 | Research | Husbandry |
| 23:27 | Create | Scout Cavalry ×5 |
| 23:28 | Create | Scout Cavalry ×2 |
| 23:39 | Build | Farm |
| 23:50 | Create | Scout Cavalry |
| 24:03 | Research | Forging |
| 24:23 | Create | Villager (Male) ×3 |
| 24:53 | Research | Scale Barding Armor |
| 25:21 | Create | Villager (Male) ×4 |
| 25:27 | Create | Villager (Male) |
| 25:27 | Create | Villager (Male) |
| 26:02 | Build | Farm |
| 26:03 | Build | Farm |
| 26:06 | Build | Farm |
| 26:08 | Build | Stable |
| 26:18 | Build | House |
| 26:25 | Create | Villager (Male) ×5 |
| 26:41 | Build | Farm |
| 27:08 | Build | Mill |
| 27:39 | Build | Farm |
| 27:41 | Build | Farm |
| 27:42 | Build | Farm |
| 27:44 | Build | Farm |
| 27:46 | Build | Farm |
| 27:47 | Build | Farm |
| 28:01 | Build | Farm |
| 28:03 | Build | Farm |
| 28:04 | Build | Farm |
| 28:30 | Research | Imperial Age |
| 28:34 | Create | Villager (Male) ×2 |
| 28:44 | Build | Farm |
| 28:45 | Build | Farm |
| 28:46 | Build | Farm |
| 28:47 | Build | Farm |
| 28:48 | Build | Farm |
| 28:50 | Build | Farm |
| 29:00 | Build | House |
| 29:01 | Build | House |
| 29:11 | Build | Stable |
| 29:13 | Build | House |
| 29:39 | Create | Scout Cavalry ×5 |
| 29:40 | Create | Scout Cavalry ×5 |
| 29:49 | Create | Villager (Male) ×5 |
| 29:49 | Create | Villager (Male) ×5 |
| 30:43 | Research | Iron Casting |
| 30:43 | Research | Chain Barding Armor |
| 31:04 | Build | House |
| 31:05 | Build | House |
| 31:07 | Build | House |
| 31:31 | Create | Villager (Male) ×5 |
| 31:33 | Create | Villager (Male) |
| 31:33 | Create | Villager (Male) |
| 31:33 | Create | Villager (Male) |
Build order — 277965650
First 150 of 639 actions detected
| 0:02 | Create | Villager (Male) |
| 0:02 | Create | Villager (Male) |
| 0:03 | Create | Villager (Male) |
| 0:03 | Create | Villager (Male) |
| 0:03 | Create | Villager (Male) |
| 0:03 | Create | Villager (Male) |
| 0:06 | Build | House |
| 0:08 | Build | House |
| 2:06 | Create | Villager (Male) |
| 2:06 | Create | Villager (Male) |
| 2:06 | Create | Villager (Male) |
| 2:07 | Create | Villager (Male) |
| 2:07 | Create | Villager (Male) |
| 2:22 | Create | Villager (Male) |
| 2:22 | Create | Villager (Male) |
| 2:23 | Create | Villager (Male) |
| 2:39 | Create | Villager (Male) |
| 2:40 | Create | Villager (Male) |
| 2:40 | Create | Villager (Male) |
| 3:17 | Create | Villager (Male) |
| 3:17 | Create | Villager (Male) |
| 3:17 | Create | Villager (Male) |
| 3:18 | Create | Villager (Male) |
| 3:18 | Create | Villager (Male) |
| 3:26 | Build | Mill |
| 3:43 | Create | Villager (Male) |
| 3:43 | Create | Villager (Male) |
| 3:43 | Create | Villager (Male) |
| 3:43 | Create | Villager (Male) |
| 3:43 | Create | Villager (Male) |
| 3:44 | Create | Villager (Male) |
| 4:17 | Create | Villager (Male) |
| 4:17 | Create | Villager (Male) |
| 4:18 | Create | Villager (Male) |
| 4:26 | Build | House |
| 4:29 | Build | House |
| 5:14 | Create | Villager (Male) |
| 5:14 | Create | Villager (Male) |
| 5:14 | Create | Villager (Male) |
| 5:15 | Create | Villager (Male) |
| 5:15 | Create | Villager (Male) |
| 5:15 | Create | Villager (Male) |
| 5:48 | Create | Villager (Male) |
| 5:49 | Create | Villager (Male) |
| 5:49 | Create | Villager (Male) |
| 5:49 | Create | Villager (Male) |
| 5:49 | Create | Villager (Male) |
| 6:03 | Build | Lumber Camp |
| 6:14 | Create | Villager (Male) |
| 6:14 | Create | Villager (Male) |
| 6:15 | Create | Villager (Male) |
| 6:19 | Build | House |
| 6:37 | Create | Villager (Male) |
| 6:37 | Create | Villager (Male) |
| 6:38 | Create | Villager (Male) |
| 6:38 | Create | Villager (Male) |
| 6:38 | Create | Villager (Male) |
| 7:51 | Create | Villager (Male) |
| 7:57 | Create | Villager (Male) |
| 7:57 | Create | Villager (Male) |
| 7:59 | Create | Villager (Male) |
| 8:00 | Create | Villager (Male) |
| 8:00 | Create | Villager (Male) |
| 8:41 | Build | Farm |
| 8:50 | Build | Farm |
| 8:52 | Build | Farm |
| 8:55 | Build | Farm |
| 8:56 | Build | Farm |
| 10:32 | Research | Feudal Age |
| 11:01 | Build | Mining Camp |
| 12:11 | Build | Farm |
| 12:13 | Build | Farm |
| 12:15 | Build | Farm |
| 12:17 | Build | Farm |
| 12:18 | Build | Farm |
| 12:21 | Build | Farm |
| 12:42 | Age | Feudal Age |
| 12:49 | Build | Market |
| 12:59 | Build | Farm |
| 13:08 | Build | Blacksmith |
| 13:19 | Create | Villager (Male) |
| 13:20 | Create | Villager (Male) |
| 13:21 | Create | Villager (Male) |
| 13:55 | Build | Farm |
| 14:15 | Build | Market |
| 14:22 | Build | Farm |
| 14:31 | Create | Villager (Male) |
| 14:42 | Build | Farm |
| 15:17 | Build | Farm |
| 15:23 | Research | Castle Age |
| 15:33 | Build | Farm |
| 15:49 | Build | Barracks |
| 17:14 | Build | Stable |
| 17:42 | Research | Horse Collar |
| 17:59 | Create | Villager (Male) |
| 17:59 | Create | Villager (Male) |
| 17:59 | Create | Villager (Male) |
| 17:59 | Create | Villager (Male) |
| 18:00 | Create | Villager (Male) |
| 18:03 | Age | Castle Age |
| 18:14 | Build | House |
| 18:20 | Create | Steppe Lancer |
| 18:20 | Create | Steppe Lancer |
| 18:20 | Create | Steppe Lancer |
| 18:21 | Create | Steppe Lancer |
| 18:21 | Create | Steppe Lancer |
| 18:21 | Create | Steppe Lancer |
| 18:21 | Create | Steppe Lancer |
| 18:29 | Create | Villager (Male) |
| 18:29 | Create | Villager (Male) |
| 18:49 | Build | Farm |
| 19:00 | Build | House |
| 19:06 | Build | House |
| 19:13 | Create | Villager (Male) |
| 19:13 | Create | Villager (Male) |
| 19:34 | Create | Steppe Lancer |
| 19:52 | Create | Villager (Male) |
| 20:03 | Build | House |
| 20:08 | Build | House |
| 20:11 | Create | Steppe Lancer |
| 20:11 | Create | Steppe Lancer |
| 20:22 | Create | Villager (Male) |
| 20:22 | Create | Villager (Male) |
| 20:54 | Create | Steppe Lancer |
| 20:54 | Create | Steppe Lancer |
| 20:55 | Create | Steppe Lancer |
| 21:18 | Build | Town Center |
| 22:09 | Create | Villager (Male) |
| 22:09 | Create | Villager (Male) |
| 22:31 | Research | Double-Bit Axe |
| 23:21 | Create | Steppe Lancer |
| 23:21 | Create | Steppe Lancer |
| 23:22 | Create | Steppe Lancer |
| 23:22 | Create | Steppe Lancer |
| 24:02 | Create | Steppe Lancer |
| 24:02 | Create | Steppe Lancer |
| 24:03 | Create | Villager (Male) |
| 24:04 | Create | Villager (Male) |
| 24:04 | Create | Villager (Male) |
| 24:04 | Create | Villager (Male) |
| 24:04 | Create | Villager (Male) |
| 24:05 | Create | Villager (Male) |
| 24:05 | Create | Villager (Male) |
| 24:06 | Create | Villager (Male) |
| 24:10 | Create | Villager (Male) |
| 24:32 | Build | Town Center |
| 26:10 | Create | Villager (Male) |
| 26:10 | Create | Villager (Male) |
| 26:10 | Create | Villager (Male) |
| 26:11 | Create | Villager (Male) |
Build order — John Farrell
First 150 of 388 actions detected
| 0:07 | Research | Loom |
| 2:00 | Create | Villager (Male) |
| 2:00 | Create | Villager (Male) |
| 2:20 | Create | Villager (Male) |
| 2:20 | Create | Villager (Male) |
| 2:52 | Create | Villager (Male) |
| 2:52 | Create | Villager (Male) |
| 2:59 | Create | Villager (Male) |
| 3:00 | Create | Villager (Male) |
| 3:26 | Create | Villager (Male) |
| 3:41 | Create | Villager (Male) |
| 4:09 | Build | House |
| 4:12 | Create | Villager (Male) |
| 4:28 | Build | Lumber Camp |
| 5:00 | Create | Villager (Male) |
| 5:00 | Create | Villager (Male) |
| 5:14 | Create | Villager (Male) |
| 5:14 | Create | Villager (Male) |
| 5:49 | Create | Villager (Male) |
| 5:49 | Create | Villager (Male) |
| 6:06 | Create | Villager (Male) |
| 6:12 | Build | House |
| 6:37 | Create | Villager (Male) |
| 6:38 | Create | Villager (Male) |
| 6:44 | Build | House |
| 6:47 | Create | Villager (Male) |
| 6:47 | Create | Villager (Male) |
| 6:55 | Build | Dock |
| 7:12 | Build | Dock |
| 7:25 | Build | Mining Camp |
| 7:26 | Create | Villager (Male) |
| 7:34 | Create | Villager (Male) |
| 7:35 | Create | Villager (Male) |
| 7:53 | Build | Lumber Camp |
| 8:05 | Create | Fishing Ship |
| 8:14 | Create | Villager (Male) |
| 8:30 | Create | Fishing Ship |
| 8:53 | Build | House |
| 9:04 | Create | Villager (Male) |
| 9:05 | Create | Villager (Male) |
| 9:09 | Create | Fishing Ship |
| 9:19 | Create | Fishing Ship |
| 9:23 | Create | Villager (Male) |
| 9:23 | Create | Villager (Male) |
| 9:49 | Build | Mill |
| 9:54 | Build | House |
| 10:06 | Create | Villager (Male) |
| 10:16 | Create | Villager (Male) |
| 10:16 | Create | Villager (Male) |
| 10:23 | Create | Fishing Ship |
| 10:24 | Create | Fishing Ship |
| 10:26 | Create | Villager (Male) |
| 10:49 | Build | House |
| 10:51 | Create | Fishing Ship |
| 11:04 | Create | Villager (Male) |
| 11:18 | Create | Fishing Ship |
| 11:27 | Create | Villager (Male) |
| 11:30 | Create | Villager (Male) |
| 11:37 | Build | House |
| 12:08 | Create | Fishing Ship |
| 12:09 | Create | Fishing Ship |
| 12:12 | Create | Villager (Male) |
| 12:16 | Build | House |
| 12:29 | Create | Villager (Male) |
| 12:59 | Create | Fishing Ship |
| 12:59 | Create | Fishing Ship |
| 13:07 | Create | Villager (Male) |
| 13:27 | Create | Villager (Male) |
| 13:35 | Build | House |
| 13:36 | Create | Fishing Ship |
| 13:36 | Create | Fishing Ship |
| 13:42 | Create | Fishing Ship |
| 14:05 | Research | Feudal Age |
| 14:53 | Build | Barracks |
| 14:59 | Create | Fishing Ship |
| 14:59 | Create | Fishing Ship |
| 15:04 | Create | Villager (Male) |
| 15:26 | Build | Mining Camp |
| 15:58 | Create | Villager (Male) |
| 16:05 | Build | House |
| 16:15 | Age | Feudal Age |
| 16:28 | Create | Villager (Male) |
| 16:28 | Create | Villager (Male) |
| 16:37 | Build | Blacksmith |
| 16:49 | Build | Market |
| 16:51 | Create | Villager (Male) |
| 16:58 | Create | Spearman |
| 16:59 | Create | Spearman |
| 17:15 | Build | Stone Wall |
| 17:31 | Build | Stone Wall |
| 17:37 | Create | Villager (Male) |
| 17:43 | Create | Villager (Male) |
| 17:50 | Research | Tech 906 |
| 17:57 | Create | Villager (Male) |
| 18:07 | Create | Villager (Male) |
| 18:08 | Research | Horse Collar |
| 18:33 | Build | Stone Wall |
| 18:49 | Build | Stone Wall |
| 18:56 | Create | Villager (Male) |
| 19:08 | Build | Archery Range |
| 19:10 | Create | Villager (Male) |
| 19:17 | Build | Farm |
| 19:18 | Build | Farm |
| 19:20 | Build | Farm |
| 19:21 | Build | Farm |
| 19:22 | Build | Farm |
| 19:24 | Build | Farm |
| 19:25 | Build | Farm |
| 19:27 | Create | Villager (Male) |
| 19:42 | Create | Villager (Male) |
| 19:57 | Create | Spearman |
| 20:01 | Create | Villager (Male) |
| 20:06 | Create | Villager (Male) |
| 20:10 | Build | House |
| 20:12 | Build | House |
| 20:14 | Build | House |
| 20:22 | Create | Archer |
| 20:26 | Build | Farm |
| 20:28 | Build | Farm |
| 20:30 | Create | Villager (Male) |
| 20:35 | Create | Archer |
| 20:51 | Build | Stone Wall |
| 21:01 | Create | Villager (Male) |
| 21:05 | Build | Farm |
| 21:07 | Build | Farm |
| 21:10 | Create | Villager (Male) |
| 21:14 | Research | Castle Age |
| 21:18 | Create | Archer |
| 21:19 | Create | Archer |
| 21:40 | Build | Farm |
| 21:42 | Create | Villager (Male) |
| 22:12 | Build | Stone Wall |
| 22:17 | Create | Villager (Male) |
| 22:21 | Create | Archer |
| 22:29 | Build | Archery Range |
| 22:38 | Research | Gold Mining |
| 22:43 | Research | Stone Mining |
| 22:55 | Create | Archer |
| 22:56 | Create | Archer |
| 23:17 | Create | Spearman |
| 23:17 | Create | Spearman |
| 23:24 | Create | Archer |
| 23:24 | Create | Archer |
| 23:24 | Create | Archer |
| 23:32 | Build | Archery Range |
| 23:46 | Create | Spearman |
| 23:55 | Age | Castle Age |
| 24:01 | Research | Thumb Ring |
| 24:02 | Research | Crossbowman (upgrade) |
| 24:04 | Create | Villager (Male) |
Build order — 410167949
First 150 of 771 actions detected
| 0:02 | Create | Villager (Male) |
| 0:03 | Create | Villager (Male) |
| 0:03 | Create | Villager (Male) |
| 0:03 | Create | Villager (Male) |
| 0:03 | Create | Villager (Male) |
| 0:06 | Build | House |
| 0:20 | Build | House |
| 1:27 | Build | House |
| 1:29 | Build | House |
| 1:41 | Create | Villager (Male) |
| 1:41 | Create | Villager (Male) |
| 2:25 | Create | Villager (Male) |
| 2:26 | Create | Villager (Male) |
| 2:26 | Create | Villager (Male) |
| 2:42 | Build | House |
| 2:52 | Create | Villager (Male) |
| 2:52 | Create | Villager (Male) |
| 2:52 | Create | Villager (Male) |
| 3:05 | Build | Lumber Camp |
| 3:28 | Create | Villager (Male) |
| 3:28 | Create | Villager (Male) |
| 3:28 | Create | Villager (Male) |
| 3:29 | Create | Villager (Male) |
| 4:16 | Create | Villager (Male) |
| 4:17 | Create | Villager (Male) |
| 4:17 | Create | Villager (Male) |
| 4:17 | Create | Villager (Male) |
| 5:06 | Create | Villager (Male) |
| 5:15 | Build | Mill |
| 5:29 | Create | Villager (Male) |
| 5:42 | Create | Villager (Male) |
| 6:08 | Create | Villager (Male) |
| 6:46 | Create | Villager (Male) |
| 7:05 | Build | Mill |
| 7:09 | Create | Villager (Male) |
| 7:39 | Create | Villager (Male) |
| 7:55 | Create | Villager (Male) |
| 8:22 | Create | Villager (Male) |
| 9:01 | Create | Villager (Male) |
| 9:01 | Create | Villager (Male) |
| 9:36 | Build | Mining Camp |
| 10:01 | Build | Lumber Camp |
| 10:07 | Create | Villager (Male) |
| 10:10 | Research | Feudal Age |
| 10:15 | Build | Farm |
| 10:16 | Build | Farm |
| 10:16 | Build | Farm |
| 10:16 | Build | Farm |
| 10:16 | Build | Farm |
| 11:32 | Build | House |
| 11:34 | Build | House |
| 11:37 | Build | House |
| 11:39 | Build | House |
| 11:46 | Build | Palisade Gate |
| 11:58 | Build | House |
| 12:20 | Age | Feudal Age |
| 12:20 | Create | Villager (Male) |
| 12:21 | Create | Villager (Male) |
| 12:21 | Create | Villager (Male) |
| 12:24 | Research | Horse Collar |
| 12:27 | Research | Double-Bit Axe |
| 12:36 | Build | Farm |
| 12:36 | Build | Farm |
| 12:36 | Build | Farm |
| 12:36 | Build | Farm |
| 12:37 | Build | Farm |
| 12:37 | Build | Farm |
| 13:33 | Build | Market |
| 13:48 | Build | Blacksmith |
| 13:53 | Create | Villager (Male) |
| 13:53 | Create | Villager (Male) |
| 13:53 | Create | Villager (Male) |
| 13:54 | Create | Villager (Male) |
| 13:54 | Create | Villager (Male) |
| 13:57 | Build | Farm |
| 14:31 | Build | Farm |
| 14:31 | Build | Farm |
| 14:31 | Build | Farm |
| 14:32 | Build | Farm |
| 14:32 | Build | Farm |
| 14:32 | Build | Farm |
| 14:33 | Build | Farm |
| 14:40 | Create | Villager (Male) |
| 15:27 | Build | Barracks |
| 15:36 | Create | Villager (Male) |
| 15:36 | Create | Villager (Male) |
| 15:36 | Create | Villager (Male) |
| 16:06 | Create | Villager (Male) |
| 16:13 | Build | Farm |
| 16:20 | Build | Farm |
| 16:32 | Build | Farm |
| 16:48 | Build | Stable |
| 16:52 | Build | Stable |
| 16:59 | Create | Villager (Male) |
| 17:06 | Create | Spearman |
| 17:06 | Create | Spearman |
| 17:15 | Create | Villager (Male) |
| 17:38 | Create | Villager (Male) |
| 18:20 | Build | Farm |
| 18:22 | Build | Mill |
| 18:24 | Build | Farm |
| 18:24 | Build | Farm |
| 18:24 | Build | Farm |
| 18:24 | Build | Farm |
| 18:25 | Build | Farm |
| 18:25 | Build | Farm |
| 18:25 | Build | Farm |
| 18:33 | Create | Villager (Male) |
| 19:02 | Build | House |
| 19:02 | Build | House |
| 19:02 | Build | House |
| 19:02 | Build | House |
| 19:03 | Build | House |
| 19:03 | Build | House |
| 19:03 | Build | House |
| 19:10 | Build | House |
| 19:13 | Build | House |
| 19:17 | Research | Castle Age |
| 19:41 | Research | Town Watch |
| 19:43 | Research | Wheelbarrow |
| 19:44 | Research | Loom |
| 19:45 | Create | Villager (Male) |
| 21:11 | Research | Gold Mining |
| 21:18 | Research | Stone Mining |
| 21:19 | Research | Gold Mining |
| 21:24 | Build | Farm |
| 21:26 | Build | Farm |
| 21:57 | Age | Castle Age |
| 22:19 | Build | Town Center |
| 22:24 | Research | Bow Saw |
| 22:27 | Create | Villager (Male) |
| 22:27 | Create | Villager (Male) |
| 22:33 | Research | Heavy Plow |
| 22:44 | Build | Castle |
| 22:55 | Research | Stone Shaft Mining |
| 22:58 | Create | Villager (Male) |
| 23:17 | Create | Villager (Male) |
| 23:18 | Create | Villager (Male) |
| 23:18 | Create | Villager (Male) |
| 23:18 | Create | Villager (Male) |
| 24:08 | Build | Town Center |
| 24:20 | Create | Villager (Male) |
| 24:52 | Build | Lumber Camp |
| 25:03 | Create | Villager (Male) |
| 25:04 | Create | Villager (Male) |
| 25:13 | Create | Villager (Male) |
| 25:16 | Build | Farm |
| 25:22 | Create | Villager (Male) |
| 25:22 | Create | Villager (Male) |
| 25:38 | Build | Farm |
Match timeline
| 5:53 | DenVanGump · wall_segment Palisade Wall x1 |
| 6:55 | John Farrell · first_building Dock |
| 7:50 | I3Legacy · first_building Barracks |
| 10:41 | libor1234 · first_building Barracks |
| 12:20 | 410167949 · age_up feudal |
| 12:42 | 277965650 · age_up feudal |
| 12:46 | DenVanGump · first_building Barracks |
| 13:15 | DenVanGump · wall_segment Palisade Wall x7 |
| 13:17 | Khrushchev · first_building Dock |
| 13:28 | DenVanGump · age_up feudal |
| 13:50 | DenVanGump · first_building Stable |
| 13:57 | DenVanGump · wall_segment Palisade Wall x1 |
| 14:01 | DenVanGump · wall_segment Palisade Wall x1 |
| 14:17 | libor1234 · age_up feudal |
| 14:36 | Quel Serrar · age_up feudal |
| 14:53 | John Farrell · first_building Barracks |
| 15:27 | 410167949 · first_building Barracks |
| 15:46 | I3Legacy · first_building Dock |
| 15:49 | 277965650 · first_building Barracks |
| 15:59 | Khrushchev · age_up feudal |
| 16:12 | Khrushchev · wall_segment Stone Wall x1 |
| 16:15 | John Farrell · age_up feudal |
| 16:48 | 410167949 · first_building Stable |
| 17:14 | 277965650 · first_building Stable |
| 17:15 | John Farrell · wall_segment Stone Wall x1 |
| 17:26 | Khrushchev · wall_segment Stone Wall x8 |
| 17:31 | John Farrell · wall_segment Stone Wall x5 |
| 17:44 | Khrushchev · wall_segment Stone Wall x4 |
| 18:03 | 277965650 · age_up castle |
| 18:18 | I3Legacy · first_building Stable |
| 18:33 | John Farrell · wall_segment Stone Wall x1 |
| 18:37 | Khrushchev · wall_segment Stone Wall x5 |
| 18:49 | John Farrell · wall_segment Stone Wall x8 |
| 19:08 | John Farrell · first_building Archery Range |
| 19:19 | Khrushchev · wall_segment Stone Wall x2 |
| 19:21 | Khrushchev · wall_segment Stone Wall x8 |
| 19:26 | Quel Serrar · first_building Barracks |
| 19:29 | libor1234 · age_up castle |
| 19:36 | Khrushchev · wall_segment Stone Wall x3 |
| 19:38 | Khrushchev · wall_segment Stone Wall x3 |
| 20:02 | libor1234 · first_building Monastery |
| 20:39 | Quel Serrar · first_building Stable |
| 20:51 | John Farrell · wall_segment Stone Wall x6 |
| 21:24 | Khrushchev · wall_segment Stone Wall x1 |
| 21:26 | Quel Serrar · age_up castle |
| 21:46 | Khrushchev · age_up castle |
| 21:56 | Khrushchev · wall_segment Stone Wall x3 |
| 21:57 | 410167949 · age_up castle |
| 21:59 | Khrushchev · wall_segment Stone Wall x7 |
| 22:04 | DenVanGump · age_up castle |
| 22:12 | John Farrell · wall_segment Stone Wall x6 |
| 22:14 | DenVanGump · first_building Castle |
| 22:14 | I3Legacy · first_building Castle |
| 22:30 | Khrushchev · first_building Castle |
| 22:31 | Quel Serrar · first_building Castle |
| 22:44 | 410167949 · first_building Castle |
| 23:33 | Khrushchev · first_building Barracks |
| 23:48 | Khrushchev · wall_segment Stone Wall x1 |
| 23:49 | Khrushchev · wall_segment Stone Wall x1 |
| 23:55 | John Farrell · age_up castle |
| 23:58 | I3Legacy · wall_segment Palisade Wall x5 |
| 24:33 | John Farrell · wall_segment Stone Wall x15 |
| 24:36 | DenVanGump · first_building Monastery |
| 25:24 | libor1234 · first_building Castle |
| 25:25 | John Farrell · first_building Castle |
| 26:01 | I3Legacy · first_market_sell 100 food |
| 26:02 | I3Legacy · first_market_buy 100 wood |
| 26:19 | Khrushchev · wall_segment Stone Wall x11 |
| 26:25 | 410167949 · first_building Monastery |
| 27:18 | libor1234 · first_building Archery Range |
| 28:15 | DenVanGump · wall_segment Palisade Wall x1 |
| 28:15 | John Farrell · wall_segment Stone Wall x7 |
| 28:47 | Khrushchev · wall_segment Stone Wall x2 |
| 28:48 | I3Legacy · first_building Monastery |
| 30:01 | 410167949 · age_up imperial |
| 30:11 | John Farrell · first_building Monastery |
| 30:12 | Khrushchev · wall_segment Stone Wall x2 |
| 30:15 | Khrushchev · wall_segment Stone Wall x6 |
| 30:17 | Khrushchev · wall_segment Stone Wall x1 |
| 30:52 | Khrushchev · wall_segment Stone Wall x9 |
| 30:59 | libor1234 · age_up imperial |
| 31:01 | John Farrell · wall_segment Stone Wall x5 |
| 31:26 | I3Legacy · first_building Archery Range |
| 31:40 | Quel Serrar · age_up imperial |
| 32:42 | John Farrell · age_up imperial |
| 32:56 | Khrushchev · wall_segment Stone Wall x2 |
| 32:59 | Khrushchev · wall_segment Stone Wall x4 |
| 33:00 | John Farrell · wall_segment Stone Wall x4 |
| 33:01 | Khrushchev · wall_segment Stone Wall x1 |
| 33:30 | DenVanGump · wall_segment Stone Wall x22 |
| 33:33 | Khrushchev · wall_segment Stone Wall x2 |
| 33:36 | Khrushchev · wall_segment Stone Wall x7 |
| 33:37 | Khrushchev · wall_segment Stone Wall x1 |
| 33:40 | Khrushchev · wall_segment Stone Wall x3 |
| 34:03 | DenVanGump · wall_segment Stone Wall x5 |
| 35:12 | libor1234 · first_building Siege Workshop |
| 35:14 | Khrushchev · wall_segment Stone Wall x11 |
| 35:15 | DenVanGump · age_up imperial |
| 35:23 | Khrushchev · wall_segment Stone Wall x1 |
| 36:34 | 277965650 · first_building Castle |
| 36:41 | DenVanGump · wall_segment Stone Wall x1 |
| 37:03 | DenVanGump · wall_segment Stone Wall x1 |
| 37:21 | Khrushchev · wall_segment Stone Wall x17 |
| 37:24 | Khrushchev · wall_segment Stone Wall x4 |
| 37:28 | Khrushchev · age_up imperial |
| 38:06 | John Farrell · first_market_sell 100 food |
| 39:05 | Khrushchev · first_building Monastery |
| 39:49 | 410167949 · first_building Siege Workshop |
| 44:48 | 277965650 · age_up imperial |
| 45:54 | John Farrell · wall_segment Stone Wall x6 |
| 46:49 | DenVanGump · first_market_buy 100 stone |
| 49:35 | Khrushchev · wall_segment Stone Wall x18 |
| 50:07 | 410167949 · first_market_sell 100 wood |
| 50:10 | 410167949 · first_market_buy 100 food |
| 50:14 | Khrushchev · wall_segment Stone Wall x18 |
| 51:07 | Khrushchev · first_building Archery Range |
| 52:22 | I3Legacy · wall_segment Stone Wall x14 |
| 53:02 | Khrushchev · wall_segment Stone Wall x6 |
| 53:08 | Khrushchev · wall_segment Stone Wall x18 |
| 54:05 | I3Legacy · wall_segment Stone Wall x7 |
| 54:05 | I3Legacy · wall_segment Stone Wall x1 |
| 54:55 | I3Legacy · wall_segment Stone Wall x6 |
| 55:27 | Khrushchev · wall_segment Stone Wall x13 |
| 56:14 | Quel Serrar · first_market_buy 500 wood |
| 57:35 | John Farrell · resign |
[ AI ANALYSIS · 1 CREDIT ]
What really happened in this match?
Wolo.gg analyzes every decision: build order, eco, micro, common mistakes by bracket. Personalized analysis on WhatsApp or Discord in 30 seconds.
Civ guide
Maya
Map guide
Seasons
Perfil
Jugador #921972